 Dungeon Crawl Stone Soup version 0.28.0-45-g0d030f2227 (webtiles) character file.

Game seed: 10323493171805841056

21 AnnaDunkelherz the Digger (level 2, 0/17 HPs)
             Began as an Octopode Earth Elementalist on Apr 17, 2022.
             Was a Follower of Makhleb.
             Slain by an adder (3 damage)
             ... on level 1 of the Dungeon.
             The game lasted 00:11:44 (1271 turns).

AnnaDunkelherz the Digger (OpEE)                    Turns: 1271, Time: 00:11:44

Health: 0/17       AC:  1    Str:  7    XL:     2   Next: 87%
Magic:  0/5        EV: 10    Int: 17    God:    Makhleb [*.....]
Gold:   54         SH:  0    Dex: 12    Spells: 2/5 levels left

rFire   . . .      SeeInvis .   f - +1 dagger (venom)
rCold   + . .      Faith    .   g - orb {guile}
rNeg    . . .      Spirit   .   (helmet restricted)
rPois   .          Reflect  .   (no amulet)
rElec   .          Harm     .   d - ring of protection from cold
rCorr   .          Rampage  .   (no ring)
Will    .....                   (no ring)
Stlth   +++.......              (no ring)
HPRegen 0.05/turn               (no ring)
MPRegen 0.09/turn               (no ring)
                                (no ring)
                                (no ring)

@: constricted
A: almost no armour, amphibious, 8 rings, camouflage 1, gelatinous body 1,
(nimble swimmer 1), tentacles
a: Renounce Religion


You were on level 1 of the Dungeon.
You worshipped Makhleb.
Makhleb was aware of your devotion.
You visited 1 branch of the dungeon, and saw 2 of its levels.

You collected 54 gold pieces.

Inventory:

Hand Weapons
 e - a +0 dagger
 f - a +1 dagger of venom (weapon)
 i - a +0 club
 j - a +0 club
 k - a +0 dagger
 l - a +0 short sword
Missiles
 b - 29 stones
 h - 16 bolts
Armour
 g - an orb of guile (worn)
 m - a +0 ring mail
Jewellery
 d - a ring of protection from cold (left tentacle)
Scrolls
 a - 4 scrolls of identify {unknown}
 c - a scroll of fog {unknown}


   Skills:
 + Level 2.0 Dodging
 + Level 2.9 Stealth
 + Level 0.2 Unarmed Combat
 + Level 2.4 Spellcasting
 + Level 1.0 Transmutations
 + Level 3.5 Earth Magic


You had 2 spell levels left.
You knew the following spells:

 Your Spells              Type           Power      Damage    Failure   Level
a - Sandblast             Erth           28%        2d8       4%          1
b - Passwall              Tmut/Erth      7%         N/A       11%         2

Your spell library contained the following spells:

 Spells                   Type           Power      Damage    Failure   Level
 Stone Arrow              Conj/Erth      16%        3d8       26%         3
 Ozocubu's Armour         Ice            2%         N/A       50%         3
 Petrify                  Tmut/Erth      9%         N/A       58%         4
 Ozocubu's Refrigeration  Ice            1%         4d5       100%        7


Dungeon Overview and Level Annotations

Branches:
Dungeon (2/15)

Altars:
Makhleb

Shops:
D:1 ?


Innate Abilities, Weirdness & Mutations

You cannot wear most types of armour.
You are amphibious.
You can wear up to eight rings at the same time.
Your skin changes colour to match your surroundings (Stealth+).
Your rubbery body absorbs attacks. (AC +1, EV +1)
((You are camouflaged when in or above water. (Stealth+)))
You have tentacles for arms and can constrict up to eight enemies at once.


Message History

The adder bites you. The ball python closely misses you.
The ball python barely misses you.
You climb upwards.
There is a stone staircase leading down here.
Casting: Sandblast (safe; 4% risk of failure)
Confirm with . or Enter, or press ? or * to list all spells.
Aiming: Sandblast (safe; 4% risk of failure)
Press: ? - help, Shift-Dir - straight line, f - adder
Aim: an adder (66% to hit)
The blast of sand misses the adder.
The adder bites you. The ball python barely misses you. x2
Your magical contamination has completely faded away.
Casting: Sandblast (safe; 4% risk of failure)
Confirm with . or Enter, or press ? or * to list all spells.
Aiming: Sandblast (safe; 4% risk of failure)
Press: ? - help, Shift-Dir - straight line, f/p - adder
Aim: an adder (66% to hit)
The blast of sand misses the adder.
The adder barely misses you. The ball python bites you.
The ball python misses you. The adder bites you but does no damage.
Casting: Sandblast (safe; 4% risk of failure)
Confirm with . or Enter, or press ? or * to list all spells.
Aiming: Sandblast (safe; 4% risk of failure)
Press: ? - help, Shift-Dir - straight line, f/p - adder
Aim: an adder (66% to hit)
The blast of sand hits the adder.
The adder is moderately wounded.
The ball python bites you. The ball python grabs you.
The ball python constricts you. The adder barely misses you.
Casting: Sandblast (safe; 4% risk of failure)
Confirm with . or Enter, or press ? or * to list all spells.
Aiming: Sandblast (safe; 4% risk of failure)
Press: ? - help, Shift-Dir - straight line, f/p - adder
Aim: an adder (moderately wounded, 66% to hit)
The blast of sand misses the adder.
The ball python bites you.
* * * LOW HITPOINT WARNING * * *
The ball python constricts you.
* * * LOW HITPOINT WARNING * * *
The adder bites you.
You die...

#...## ##.........# #.##....
.....###..........# ###..#.P.P
......###.........# #...#....P
.......###.....#.#######...#.....
.......'...................#....รท
.......###........####.#...#.P.P.
......## #.#........##.#.#.#####_
.....## #.#........##.#.###.P...
#...## #.#....@...##.#..##.P...
##+## #.#.#.SS.####.##.##....P #.#
#.#.#....# #.##.##.PP.. #.#
#...>.#### #......#PP..
##.#########.### ####.###.P..
#............# #.#.#....
.....######### #.#..##.P #...##
#.....#.P #..## ###....##


You could see an adder and a ball python.

Vanquished Creatures
  2 endoplasms (D:1)
  A giant cockroach (D:1)
  3 goblins (D:1)
  2 hobgoblins (D:1)
  A quokka (D:1)
  A frilled lizard (D:1)
  3 kobolds (D:1)
  9 rats (D:1)
22 creatures vanquished.

Vanquished Creatures (others)
  A demonic plant (D:1)
  A fungus (D:1)
2 creatures vanquished.

Grand Total: 24 creatures vanquished

Notes
Turn   | Place    | Note
-------+----------+-------------------------------------------
     0 | D:1      | AnnaDunkelherz the Octopode Earth Elementalist began the
                  | quest for the Orb.
     0 | D:1      | Reached XP level 1. HP: 11/11 MP: 3/3
   211 | D:1      | Reached XP level 2. HP: 17/17 MP: 1/5
   231 | D:1      | Learned a level 2 spell: Passwall
   671 | D:1      | Found Wuopp's Magic Scroll Emporium.
   918 | D:1      | Found a faded altar of an unknown god.
   938 | D:1      | Prayed at the altar of an unknown god.
   938 | D:1      | Became a worshipper of Makhleb the Destroyer
   938 | D:1      | Reached * piety under Makhleb
  1271 | D:1      | Slain by an adder

Illustrated notes

Levels and vault maps discovered:
D:1:      dpeg_arrival_ratfight, layout_loops_corners,
          shapermc_ecumenical_altar_gd, serial_shops, shop
D:2:      layout_loops_cross

Action                   || total
-------------------------++-------
Melee: Unarmed           ||     6
       Constrict         ||     4
       Tentacles         ||     5
       Punch             ||     2
       Dagger            ||     8
 Cast: Sandblast         ||    26
       Passwall          ||     1
 Stab: Sleeping          ||     2
Armor: Skin              ||     1
Dodge: Dodged            ||    10
